[Event "ICC tourney 2481 (75 10)"]
[Site "Internet Chess Club"]
[Date "2021.03.27"]
[Round "1"]
[White "NAIR, ADVAIT SHANKAR:sujashankar"]
[Black "Kashyap, Mahati B:mnm1"]
[Result "1-0"]
[ICCResult "Black checkmated"]
[WhiteElo "1750"]
[BlackElo "1515"]
[Opening "Sicilian"]
[ECO "B50"]
[NIC "SI.01"]
[Time "12:03:23"]
[PlyCount "29"]
[TimeControl "4500+10"]

1. e4 c5 2. Nf3 d6 3. c3 Nf6 4. h3 Nc6 5. Bd3 e6 6. Bc2 Be7 7. O-O O-O 8.
d4 cxd4 9. cxd4 Bd7 10. a3 Rc8 11. Nc3 a6 12. e5 dxe5 13. dxe5 Ne8 14. Qd3
Nc7 15. Qxh7# { Black checkmated } 1-0

[Event "ICC tourney 2481 (75 10)"]
[Site "Internet Chess Club"]
[Date "2021.03.27"]
[Round "1"]
[White "STEINER, ADAMSON:poohfur"]
[Black "WANG, KEVIN:Deepbrainfinal"]
[Result "1-0"]
[ICCResult "Black resigns"]
[WhiteElo "1692"]
[BlackElo "1415"]
[Opening "Sicilian: dragon, Yugoslav attack"]
[ECO "B75"]
[NIC "SI.17"]
[Time "12:03:19"]
[PlyCount "49"]
[TimeControl "4500+10"]

1. e4 c5 2. Nf3 d6 3. d4 cxd4 4. Nxd4 Nf6 5. Nc3 g6 6. Be3 Bg7 7. f3 Bd7 8.
Qd2 Nc6 9. Bc4 a6 10. O-O-O b5 11. Bb3 Nxd4 12. Bxd4 O-O 13. h4 h5 14. g4
hxg4 15. h5 Nxh5 16. Bxg7 Kxg7 17. Rxh5 Rh8 18. Rhh1 Be6 19. Qd4+ f6 20.
Bxe6 gxf3 21. Qe3 b4 22. Rdg1 Qe8 23. Nd5 Rc8 24. Nxe7 Qxe7 25. Rxg6+ {
Black resigns } 1-0

[Event "ICC tourney 2481 (75 10)"]
[Site "Internet Chess Club"]
[Date "2021.03.27"]
[Round "1"]
[White "THOMAS, MICHAEL G:chesslin"]
[Black "HEBBAR, ESHAAN:solveur"]
[Result "1-0"]
[ICCResult "Black resigns"]
[WhiteElo "1790"]
[BlackElo "1611"]
[Opening "Queen's pawn, Mason variation"]
[ECO "D00"]
[NIC "QP.08"]
[Time "12:03:17"]
[PlyCount "107"]
[TimeControl "4500+10"]

1. d4 d5 2. Bf4 Nf6 3. e3 c5 4. c3 Nc6 5. Nf3 e6 6. Nbd2 Qb6 7. Rb1 Bd7 8.
Bd3 Be7 9. h3 O-O 10. Ne5 Nxe5 11. dxe5 Ne8 12. Qh5 g6 13. Qh6 Ng7 14. Nf3
f6 15. exf6 Bxf6 16. Be5 Nf5 17. Bxf5 exf5 18. Ng5 Rf7 19. Nxf7 Kxf7 20.
Qxh7+ Ke6 21. Bxf6 Kxf6 22. Qxd7 Rd8 23. Qa4 g5 24. O-O Qc7 25. Rbd1 g4 26.
Qf4 Qxf4 27. exf4 Rd7 28. hxg4 fxg4 29. Rfe1 d4 30. cxd4 cxd4 31. Rd3 Kf5
32. g3 b6 33. Re5+ Kf6 34. Rg5 a5 35. Rxg4 a4 36. Rg5 Rd6 37. Rb5 a3 38.
bxa3 Ke6 39. Rb4 Rc6 40. Rdxd4 Rc1+ 41. Kg2 Rc6 42. g4 Kf6 43. Rb5 Kg6 44.
Kg3 Rc3+ 45. f3 Rc6 46. Rd7 Kf6 47. Rbd5 b5 48. R5d6+ Rxd6 49. Rxd6+ Ke7
50. Rb6 b4 51. axb4 Kf7 52. a4 Ke7 53. a5 Kf7 54. a6 { Black resigns } 1-0

[Event "ICC tourney 2481 (75 10)"]
[Site "Internet Chess Club"]
[Date "2021.03.27"]
[Round "1"]
[White "YAN, NATHAN:Natey"]
[Black "AYYAPPAN, SANTHOSH:SanthoshA"]
[Result "1-0"]
[ICCResult "Black checkmated"]
[WhiteElo "1868"]
[BlackElo "1661"]
[Opening "Ruy Lopez: closed (10...c5)"]
[ECO "C96"]
[NIC "RL.23"]
[Time "12:03:12"]
[PlyCount "67"]
[TimeControl "4500+10"]

1. e4 e5 2. Nf3 Nc6 3. Bb5 a6 4. Ba4 Nf6 5. O-O Be7 6. Re1 b5 7. Bb3 d6 8.
c3 O-O 9. h3 Na5 10. Bc2 c5 11. d4 exd4 12. cxd4 Bd7 13. e5 dxe5 14. dxe5
Ne8 15. Nc3 Bc6 16. Qe2 Nc7 17. Be3 Nc4 18. Rad1 Qb8 19. Ng5 h6 20. Qd3 g6
21. Nxf7 Rxf7 22. Qxg6+ Rg7 23. Qxc6 Nxe5 24. Qe4 Bf6 25. Bxh6 Re7 26. f4
Qe8 27. fxe5 Bxe5 28. Qg4+ Kh8 29. Rxe5 Qf7 30. Rxe7 Qxe7 31. Rd7 Qe1+ 32.
Kh2 Qe5+ 33. Bf4 Qe8 34. Qg7# { Black checkmated } 1-0

[Event "ICC tourney 2481 (75 10)"]
[Site "Internet Chess Club"]
[Date "2021.03.27"]
[Round "1"]
[White "KERR, JOSHUA MORGAN:AbleCompany"]
[Black "OPASKA, MICHAEL:mopaska1106"]
[Result "0-1"]
[ICCResult "White resigns"]
[WhiteElo "1673"]
[BlackElo "1945"]
[Opening "Benoni: Taimanov variation"]
[ECO "A67"]
[NIC "BI.33"]
[Time "12:03:23"]
[PlyCount "35"]
[TimeControl "4500+10"]

1. d4 Nf6 2. c4 c5 3. d5 e6 4. Nc3 exd5 5. cxd5 d6 6. e4 g6 7. f4 Bg7 8.
Bb5+ Nfd7 9. e5 O-O 10. e6 fxe6 11. dxe6 Nf6 12. Qe2 Qe7 13. f5 gxf5 14.
Bg5 Nc6 15. Nd5 Qxe6 16. Qxe6+ Bxe6 17. Nc7 Nd4 18. Bd3 { White resigns }
0-1

[Event "ICC tourney 2481 (75 10)"]
[Site "Internet Chess Club"]
[Date "2021.03.27"]
[Round "1"]
[White "SU, JASMINE ZHIXIN:chessisthebest1"]
[Black "Lu, Samuel:chess-soccer"]
[Result "1-0"]
[ICCResult "Black resigns"]
[WhiteElo "1806"]
[BlackElo "1615"]
[Opening "Sicilian: dragon, Yugoslav attack, 10.O-O-O"]
[ECO "B78"]
[NIC "SI.18"]
[Time "12:03:13"]
[PlyCount "49"]
[TimeControl "4500+10"]

1. e4 c5 2. Nf3 d6 3. d4 cxd4 4. Nxd4 Nf6 5. Nc3 g6 6. Be3 Bg7 7. f3 O-O 8.
Qd2 Nc6 9. Bc4 Bd7 10. O-O-O Ne5 11. Bb3 Qa5 12. Kb1 Qa6 13. h4 h5 14. Bg5
Rfe8 15. Bxf6 Bxf6 16. Nd5 Rac8 17. Nxf6+ exf6 18. g4 Nxf3 19. Nxf3 Bxg4
20. Qh6 d5 21. Bxd5 Bxf3 22. Qxg6+ Kh8 23. Qh6+ Kg8 24. Rhg1+ Bg4 25. Qxh5
{ Black resigns } 1-0

[Event "ICC tourney 2481 (75 10)"]
[Site "Internet Chess Club"]
[Date "2021.03.27"]
[Round "1"]
[White "WANG, MAXWELL GEORG:MaxWang"]
[Black "Xun, Yuxuan:xunyux0"]
[Result "1-0"]
[ICCResult "Black resigns"]
[WhiteElo "1778"]
[BlackElo "1585"]
[Opening "French: exchange variation"]
[ECO "C01"]
[NIC "FR.01"]
[Time "12:03:22"]
[PlyCount "44"]
[TimeControl "4500+10"]

1. e4 e6 2. d4 d5 3. exd5 exd5 4. c4 Nf6 5. Nc3 Bb4 6. Nf3 O-O 7. Be2 Re8
8. O-O Bg4 9. Bg5 Bxc3 10. bxc3 c6 11. cxd5 cxd5 12. h3 Bf5 13. Ne5 h6 14.
Bxf6 Qxf6 15. Qb3 Nc6 16. Ng4 Qg5 17. Bf3 h5 18. Ne3 Bxh3 19. Qxd5 Qxd5 20.
Nxd5 Rac8 21. gxh3 Rcd8 22. Rfe1 g6 { Black resigns } 1-0

[Event "ICC tourney 2481 (75 10)"]
[Site "Internet Chess Club"]
[Date "2021.03.27"]
[Round "1"]
[White "CHERUKURI, DEVESH:Deveshc"]
[Black "THATIPARTHI, VINEETHREDDY:Vinny773175"]
[Result "1/2-1/2"]
[ICCResult "Game drawn by mutual agreement"]
[WhiteElo "1532"]
[BlackElo "1763"]
[Opening "Sicilian: Smith-Morra gambit"]
[ECO "B21"]
[NIC "SI.48"]
[Time "12:03:12"]
[PlyCount "44"]
[TimeControl "4500+10"]

1. e4 c5 2. d4 cxd4 3. c3 d5 4. exd5 Qxd5 5. Nf3 Bg4 6. Be2 e6 7. cxd4 Nf6
8. Nc3 Bb4 9. Qa4+ Nc6 10. O-O Bxc3 11. bxc3 O-O 12. Be3 Ne4 13. Qc2 Bf5
14. Bd3 Nd6 15. Rfc1 Bxd3 16. Qxd3 b5 17. Bf4 a6 18. Bxd6 Qxd6 19. Ng5 g6
20. Qh3 h5 21. Qf3 Qd5 22. Ne4 Qf5 { Game drawn by mutual agreement }
1/2-1/2

[Event "ICC tourney 2481 (75 10)"]
[Site "Internet Chess Club"]
[Date "2021.03.27"]
[Round "1"]
[White "Xiao, Marina:marinaxiao"]
[Black "Renderer, Winslow Scott:BEASTMODE1"]
[Result "1/2-1/2"]
[ICCResult "Game drawn by repetition"]
[WhiteElo "1484"]
[BlackElo "1727"]
[Opening "Petrov's defense"]
[ECO "C42"]
[NIC "RG.03"]
[Time "12:03:25"]
[PlyCount "72"]
[TimeControl "4500+10"]

1. e4 e5 2. Nf3 Nf6 3. Nxe5 Qe7 4. Nf3 Qxe4+ 5. Be2 Be7 6. O-O b6 7. Re1
Qb7 8. Bc4 Nc6 9. d4 d5 10. Bb5 Bd7 11. Nc3 a6 12. Bxc6 Qxc6 13. Ne5 Qb7
14. Nxd7 Kxd7 15. Bg5 Qc6 16. Qf3 Bb4 17. Qf5+ Kd8 18. Re3 Bxc3 19. bxc3 h6
20. Bxf6+ gxf6 21. Rf3 Re8 22. Qxf6+ Qxf6 23. Rxf6 Re7 24. Rxh6 Kd7 25. Kf1
Rae8 26. Rh7 Kc6 27. Rh6+ Kb5 28. Rb1+ Ka4 29. Rh3 Ka3 30. c4+ Kxa2 31.
Rhb3 dxc4 32. R1b2+ Ka1 33. Rb1+ Ka2 34. R1b2+ Ka1 35. Rb1+ Ka2 36. R1b2+
Ka1 { Game drawn by repetition } 1/2-1/2

[Event "ICC tourney 2481 (75 10)"]
[Site "Internet Chess Club"]
[Date "2021.03.27"]
[Round "1"]
[White "KUMAR, SRIRAM K:sirking2800"]
[Black "MAZUMDAR, SHAURYA:raremystery"]
[Result "0-1"]
[ICCResult "White resigns"]
[WhiteElo "1884"]
[BlackElo "1673"]
[Opening "Ruy Lopez: Berlin defense, open variation"]
[ECO "C67"]
[NIC "RL.07"]
[Time "12:03:14"]
[PlyCount "96"]
[TimeControl "4500+10"]

1. e4 e5 2. Nf3 Nc6 3. Bb5 Nf6 4. O-O Nxe4 5. Re1 Nd6 6. Bxc6 dxc6 7. Nxe5
Be7 8. d3 O-O 9. Nc3 Bf6 10. Bf4 Re8 11. Qh5 Be6 12. Ne4 Nxe4 13. Rxe4 Bd5
14. Re3 Bxe5 15. Bxe5 f6 16. Bc3 Rxe3 17. fxe3 Qe8 18. Qh3 c5 19. e4 Bc6
20. Qg3 Qg6 21. Qxc7 f5 22. Rf1 fxe4 23. dxe4 Bxe4 24. Rf2 Bc6 25. Qe7 Re8
26. Qxc5 Rd8 27. Qc4+ Kh8 28. Qf1 h6 29. Rf7 Rd1 30. Bxg7+ Qxg7 31. Rxg7
Rxf1+ 32. Kxf1 Kxg7 33. Kf2 Kf6 34. g3 Kg5 35. h3 h5 36. b3 Bd7 37. Kg2 h4
38. g4 Kf4 39. Kf2 Bc6 40. c3 Bf3 41. a3 Bxg4 42. hxg4 Kxg4 43. c4 Kf4 44.
b4 Ke4 45. a4 Kd4 46. c5 Kc4 47. a5 a6 48. b5 Kxb5 { White resigns } 0-1

[Event "ICC tourney 2481 (75 10)"]
[Site "Internet Chess Club"]
[Date "2021.03.27"]
[Round "1"]
[White "WANG, JESSICA:crazyhorse9"]
[Black "RAMASWAMY, PUDUR:clair"]
[Result "0-1"]
[ICCResult "White resigns"]
[WhiteElo "1503"]
[BlackElo "1745"]
[Opening "Robatsch (modern) defense"]
[ECO "B06"]
[NIC "KF.06"]
[Time "12:03:30"]
[PlyCount "55"]
[TimeControl "4500+10"]

1. e4 g6 2. g3 Bg7 3. Bg2 c5 4. d3 Nc6 5. f4 Rb8 6. Nf3 d6 7. O-O Nf6 8.
Nc3 O-O 9. a3 b5 10. h3 a5 11. Rb1 b4 12. axb4 axb4 13. Ne2 e5 14. f5 d5
15. Be3 dxe4 16. dxe4 Ba6 17. Qe1 Nxe4 18. Nxe5 Nxe5 19. Bxe4 Rc8 20. Qf2
Nc4 21. Rfd1 Qe8 22. f6 Qxe4 23. fxg7 Rfe8 24. Bh6 Bb7 25. Kf1 Qh1+ 26. Ng1
Ne5 27. b3 Ba6+ 28. Ke1 { White resigns } 0-1

[Event "ICC tourney 2481 (75 10)"]
[Site "Internet Chess Club"]
[Date "2021.03.27"]
[Round "1"]
[White "TALWALKAR, VEDANT AMEYA:castle2king"]
[Black "JIANG, LEYOU:karuto2006"]
[Result "0-1"]
[ICCResult "White resigns"]
[WhiteElo "1644"]
[BlackElo "1831"]
[Opening "Ruy Lopez: closed, Pilnik variation"]
[ECO "C77"]
[NIC "RL.12"]
[Time "12:03:16"]
[PlyCount "80"]
[TimeControl "4500+10"]

1. e4 e5 2. Nf3 Nc6 3. Bb5 a6 4. Ba4 Nf6 5. d3 b5 6. Bb3 Be7 7. O-O d6 8.
c3 O-O 9. Re1 Bg4 10. Nbd2 Na5 11. Bc2 c5 12. Nf1 Nc6 13. h3 Be6 14. Ng3
Qc7 15. a4 h6 16. Nh4 Rfb8 17. Nhf5 Bf8 18. Qf3 Qd8 19. Be3 b4 20. d4 bxc3
21. bxc3 cxd4 22. cxd4 Bxf5 23. Nxf5 g6 24. dxe5 Nxe5 25. Qg3 Rb2 26. Rac1
Rc8 27. Nd4 Nh5 28. Qh2 Bg7 29. Bb1 Rxc1 30. Rxc1 Qb8 31. Bc2 Nc4 32. g4
Bxd4 33. Bxd4 Rxc2 34. Rxc2 Qb1+ 35. Kg2 Qxc2 36. gxh5 Qxe4+ 37. f3 Qxd4
38. Qg1 Qxg1+ 39. Kxg1 Nb2 40. a5 Nc4 { White resigns } 0-1

[Event "ICC tourney 2481 (75 10)"]
[Site "Internet Chess Club"]
[Date "2021.03.27"]
[Round "1"]
[White "RAJU, YAKSHWAG REDDY:Yakshwag"]
[Black "WEN, KALLY:kwen2008"]
[Result "0-1"]
[ICCResult "White resigns"]
[WhiteElo "1441"]
[BlackElo "1708"]
[Opening "Ruy Lopez: 5.O-O"]
[ECO "C78"]
[NIC "RL.12"]
[Time "12:04:07"]
[PlyCount "74"]
[TimeControl "4500+10"]

1. e4 e5 2. Nf3 Nc6 3. Bb5 a6 4. Ba4 Nf6 5. O-O b5 6. Bb3 Bc5 7. c3 d6 8.
h3 h6 9. d4 exd4 10. cxd4 Bb6 11. Re1 O-O 12. Nc3 Bb7 13. Be3 Na5 14. Bc2
Re8 15. Bc1 Nc4 16. b3 Ba5 17. Qd3 Nb6 18. Nd2 c5 19. d5 Nbd7 20. Qg3 Bxc3
21. Qxc3 Nxd5 22. exd5 Rxe1+ 23. Nf1 Qe7 24. Bb2 Rxf1+ 25. Rxf1 Qe5 26. Qd3
Qxb2 27. Qh7+ Kf8 28. Re1 Ne5 29. f4 Qd4+ 30. Kh1 Qf2 31. Re4 Qxc2 32. fxe5
Qd1+ 33. Kh2 Qxd5 34. Re2 dxe5 35. Qh8+ Ke7 36. Qxg7 e4 37. Qxh6 Qd6+ {
White resigns } 0-1

[Event "ICC tourney 2481 (75 10)"]
[Site "Internet Chess Club"]
[Date "2021.03.27"]
[Round "1"]
[White "Patel, Arav:APBrain"]
[Black "LANE, THOMAS COE:tclaneva"]
[Result "1-0"]
[ICCResult "Black resigns"]
[WhiteElo "1669"]
[BlackElo "1872"]
[Opening "King's Indian: Petrosian system, main line"]
[ECO "E93"]
[NIC "KI.12"]
[Time "12:03:12"]
[PlyCount "81"]
[TimeControl "4500+10"]

1. Nf3 Nf6 2. c4 g6 3. Nc3 Bg7 4. e4 d6 5. d4 O-O 6. Be2 e5 7. d5 Nbd7 8.
O-O Ne8 9. Be3 f5 10. Ng5 Ndf6 11. f4 h6 12. fxe5 hxg5 13. exf6 Bxf6 14.
exf5 gxf5 15. Bd3 Ng7 16. Qc2 Re8 17. Bd2 Bd4+ 18. Kh1 Rf8 19. Ne2 Be5 20.
Bc3 Qf6 21. Ng3 Bd7 22. Rae1 Rae8 23. c5 Bxc3 24. bxc3 dxc5 25. Ne4 Qe5 26.
Nd2 Qxe1 27. Rxe1 Rxe1+ 28. Nf1 Nh5 29. Qd2 Rfe8 30. Qxg5+ Ng7 31. h4 Rd1
32. h5 Rf8 33. h6 Rf7 34. Be2 Re1 35. Qd2 Rxe2 36. Qxe2 Ne8 37. Qh5 Nd6 38.
Qg6+ Kh8 39. Ng3 Rh7 40. Nh5 Nf7 41. Kg1 { Black resigns } 1-0

[Event "ICC tourney 2481 (75 10)"]
[Site "Internet Chess Club"]
[Date "2021.03.27"]
[Round "1"]
[White "VATS, ATIKSH:avats"]
[Black "MIYASAKA, JULIA KAITLYN:evilking"]
[Result "0-1"]
[ICCResult "White resigns"]
[WhiteElo "1577"]
[BlackElo "1774"]
[Opening "Giuoco Pianissimo"]
[ECO "C50"]
[NIC "IG.02"]
[Time "12:03:16"]
[PlyCount "116"]
[TimeControl "4500+10"]

1. e4 e5 2. Nf3 Nc6 3. Bc4 Bc5 4. d3 Nf6 5. O-O d6 6. h3 a6 7. a3 O-O 8.
Nc3 h6 9. Be3 Ba7 10. Bxa7 Rxa7 11. Qd2 Nh5 12. Nh2 Nf4 13. Ne2 Nxe2+ 14.
Qxe2 Nd4 15. Qd2 Ne6 16. Bxe6 Bxe6 17. f4 exf4 18. Rxf4 Ra8 19. Raf1 Qg5
20. Nf3 Qb5 21. c3 Qb6+ 22. Nd4 Rae8 23. Qf2 d5 24. Nxe6 Qxf2+ 25. R1xf2
fxe6 26. Rxf8+ Rxf8 27. Rxf8+ Kxf8 28. exd5 exd5 29. Kf2 Ke7 30. Ke3 c5 31.
d4 c4 32. Kf4 Kf6 33. h4 g5+ 34. hxg5+ hxg5+ 35. Kg4 Kg6 36. g3 b5 37. Kf3
Kf5 38. g4+ Ke6 39. Ke3 Kd6 40. Kd2 Kc6 41. Kc2 Kb6 42. Kb1 Ka5 43. Ka2 Ka4
44. Ka1 a5 45. Kb1 Kb3 46. Kc1 b4 47. axb4 axb4 48. cxb4 Kxb4 49. Kc2 Kb5
50. Kd2 Ka5 51. Kc3 Ka4 52. Kc2 Kb4 53. Kb1 Kb3 54. Kc1 c3 55. Kb1 Kc4 56.
Kc2 cxb2 57. Kxb2 Kxd4 58. Kc2 Ke3 { White resigns } 0-1

[Event "ICC tourney 2481 (75 10)"]
[Site "Internet Chess Club"]
[Date "2021.03.27"]
[Round "1"]
[White "WAWRZASZEK, JASON:arthur-bach"]
[Black "CHERUKURI, NITESH:Niteshc"]
[Result "0-1"]
[ICCResult "White resigns"]
[WhiteElo "1998"]
[BlackElo "1690"]
[Opening "Caro-Kann: exchange, Rubinstein variation"]
[ECO "B13"]
[NIC "CK.02"]
[Time "12:03:26"]
[PlyCount "78"]
[TimeControl "4500+10"]

1. e4 c6 2. d4 d5 3. exd5 cxd5 4. Bd3 Nc6 5. c3 Nf6 6. Bf4 Bg4 7. Qb3 Qd7
8. Nd2 e6 9. Ngf3 a6 10. O-O Be7 11. Rfe1 O-O 12. Ne5 Nxe5 13. dxe5 Ne8 14.
Qc2 g6 15. h3 Bf5 16. Bxf5 exf5 17. Bh6 Ng7 18. Rad1 Rfd8 19. Nf3 Ne6 20.
Nd4 Bc5 21. Nb3 Bb6 22. Rd3 Qc6 23. Qd2 Rd7 24. Rd1 Rad8 25. h4 Qa4 26. Bg5
Nxg5 27. Qxg5 Qxa2 28. Nc1 Qxb2 29. Rf3 d4 30. c4 d3 31. Qf6 d2 32. Ne2 Qc2
33. Nc3 Bd4 34. h5 Bxc3 35. h6 Qxd1+ 36. Kh2 Bxe5+ 37. Qxe5 Qh1+ 38. Kxh1
d1=Q+ 39. Kh2 Qd6 { White resigns } 0-1

[Event "ICC tourney 2481 (75 10)"]
[Site "Internet Chess Club"]
[Date "2021.03.27"]
[Round "1"]
[White "LI, DAVID TONGJIA:UltimateDL"]
[Black "Kashyap, Manish B:mnm2"]
[Result "1/2-1/2"]
[ICCResult "Game drawn by repetition"]
[WhiteElo "1767"]
[BlackElo "1547"]
[Opening "Sicilian: Prins (Moscow) variation"]
[ECO "B55"]
[NIC "SI.01"]
[Time "12:03:22"]
[PlyCount "53"]
[TimeControl "4500+10"]

1. e4 c5 2. Nf3 d6 3. d4 cxd4 4. Nxd4 Nf6 5. f3 e5 6. Nb3 Nc6 7. Nc3 Be6 8.
Bg5 Be7 9. Qd2 O-O 10. Be2 Rc8 11. O-O a6 12. Rad1 Qb6+ 13. Kh1 Rfd8 14.
Bxf6 Bxf6 15. Nd5 Bxd5 16. Qxd5 Nb4 17. Qa5 Qxa5 18. Nxa5 Rxc2 19. a3 Rxe2
20. axb4 Rd7 21. b3 Be7 22. Nc4 f6 23. Nb6 Rd8 24. Nd5 Rd7 25. Nb6 Rd8 26.
Nd5 Rd7 27. Nb6 { Game drawn by repetition } 1/2-1/2

[Event "ICC tourney 2481 (75 10)"]
[Site "Internet Chess Club"]
[Date "2021.03.27"]
[Round "1"]
[White "EVANS, SERENA:SerenaE"]
[Black "Bian, Erin:funpawn"]
[Result "0-1"]
[ICCResult "White checkmated"]
[WhiteElo "1616"]
[BlackElo "1812"]
[Opening "Giuoco Piano"]
[ECO "C54"]
[NIC "IG.02"]
[Time "12:03:24"]
[PlyCount "102"]
[TimeControl "4500+10"]

1. e4 e5 2. Nf3 Nc6 3. Bc4 Bc5 4. c3 Nf6 5. d4 exd4 6. e5 d5 7. Bb5 Ne4 8.
cxd4 Bb6 9. Nc3 O-O 10. Be3 Bg4 11. h3 Bh5 12. Qc2 Bg6 13. Qb3 Ne7 14. Nd2
c6 15. Be2 Nxd2 16. Kxd2 Nf5 17. Qa4 c5 18. Nb5 a6 19. Nd6 Nxd6 20. exd6
Qxd6 21. Rhd1 cxd4 22. Bxd4 Rac8 23. Bxb6 Qxb6 24. Qf4 Qxb2+ 25. Ke1 Rfe8
26. Qf3 Rc2 27. Kf1 Rcxe2 28. Kg1 h6 29. Rf1 d4 30. a4 d3 31. Rad1 d2 32.
Ra1 Re1 33. Rd1 Rxd1 34. Qxd1 Qc2 35. Kh2 Qxd1 36. Rxd1 Rd8 37. a5 Bc2 38.
Rf1 d1=Q 39. Rxd1 Rxd1 40. Kg3 Ra1 41. Kf3 Rxa5 42. Ke2 Rd5 43. g4 a5 44.
Kf3 a4 45. Kg2 a3 46. Kg3 a2 47. Kg2 a1=Q 48. Kg3 Qg1+ 49. Kf3 Rd2 50. Kf4
Qxf2+ 51. Ke5 Qd4# { White checkmated } 0-1

[Event "ICC tourney 2481 (75 10)"]
[Site "Internet Chess Club"]
[Date "2021.03.27"]
[Round "1"]
[White "NEMMALI, PRATEEK R:Priccchess"]
[Black "Aravindakshan, Sahana:TigerSahi"]
[Result "1-0"]
[ICCResult "Black checkmated"]
[WhiteElo "1822"]
[BlackElo "1641"]
[Opening "Giuoco Pianissimo: Italian four knights variation"]
[ECO "C50"]
[NIC "IG.02"]
[Time "12:03:25"]
[PlyCount "93"]
[TimeControl "4500+10"]

1. e4 e5 2. Nf3 Nc6 3. Bc4 Bc5 4. Nc3 Nf6 5. d3 d6 6. Be3 Bb6 7. h3 O-O 8.
O-O Be6 9. Bxe6 fxe6 10. d4 exd4 11. Nxd4 Nxd4 12. Bxd4 Bxd4 13. Qxd4 e5
14. Qc4+ Rf7 15. Rad1 Qe7 16. f4 exf4 17. Rxf4 Rf8 18. Rdf1 c6 19. a4 d5
20. exd5 Qe3+ 21. Kh1 cxd5 22. Nxd5 Nxd5 23. Qxd5 Qe7 24. b4 g6 25. c4 Kg7
26. Rxf7+ Rxf7 27. Rxf7+ Qxf7 28. Qxf7+ Kxf7 29. Kg1 Ke6 30. Kf2 Ke5 31.
Ke3 b6 32. g3 h5 33. h4 a5 34. bxa5 bxa5 35. Kd3 Kd6 36. Kd4 Kc6 37. c5 Kc7
38. Kd5 Kd7 39. c6+ Kc7 40. Kc5 Kc8 41. Kb6 Kb8 42. c7+ Kc8 43. Kc6 g5 44.
hxg5 h4 45. g6 h3 46. g7 h2 47. g8=Q# { Black checkmated } 1-0

[Event "ICC tourney 2481 (75 10)"]
[Site "Internet Chess Club"]
[Date "2021.03.27"]
[Round "1"]
[White "WAKIDA, KEN:Yamato1945"]
[Black "POWERS, LEON:PKAYLA"]
[Result "0-1"]
[ICCResult "White resigns"]
[WhiteElo "1475"]
[BlackElo "1714"]
[Opening "King's Indian: Four pawns attack, dynamic line"]
[ECO "E76"]
[NIC "KI.31"]
[Time "12:03:27"]
[PlyCount "87"]
[TimeControl "4500+10"]

1. d4 Nf6 2. c4 g6 3. Nc3 Bg7 4. e4 d6 5. f4 O-O 6. Nf3 c5 7. d5 Bg4 8. Be2
a6 9. O-O Nbd7 10. h3 Bxf3 11. Bxf3 Qc7 12. Re1 e5 13. Be3 Rab8 14. Qd3 Qa5
15. Be2 Rfc8 16. Bd2 Qc7 17. Rac1 exf4 18. Bxf4 Ne5 19. Qd2 Qa5 20. Bxe5
dxe5 21. Qg5 Rd8 22. Rcd1 h6 23. Qg3 Qb4 24. a3 Qb3 25. Rb1 b5 26. cxb5
axb5 27. Qf2 b4 28. Nb5 Nxe4 29. Qh4 Nd2 30. Rbd1 Rxd5 31. Bc4 Nxc4 32.
Rxd5 Rxb5 33. Rd8+ Kh7 34. Qe7 Qg3 35. Rf1 Ne3 36. Rf2 h5 37. Qxf7 e4 38.
Rd7 Nf5 39. Qe8 Rb8 40. Qxe4 Kh6 41. Rf3 Qg5 42. Qe6 Nd4 43. Qf7 Nxf3+ 44.
Kf2 { White resigns } 0-1

[Event "ICC tourney 2481 (75 10)"]
[Site "Internet Chess Club"]
[Date "2021.03.27"]
[Round "1"]
[White "BRUDNO, STEPHEN:StevChess01"]
[Black "Santiago Gonzalez, Frida:fridanavys1"]
[Result "1/2-1/2"]
[ICCResult "Game drawn by mutual agreement"]
[WhiteElo "1652"]
[BlackElo "1850"]
[Opening "King's Indian defense"]
[ECO "E60"]
[NIC "KI.80"]
[Time "12:03:18"]
[PlyCount "68"]
[TimeControl "4500+10"]

1. d4 Nf6 2. c4 g6 3. f3 c5 4. d5 d6 5. e4 Bg7 6. Nc3 O-O 7. Be3 a6 8. Qd2
Bd7 9. Bd3 Ne8 10. Bh6 Nc7 11. a4 a5 12. Bxg7 Kxg7 13. g4 Nba6 14. Nge2 Nb4
15. Ng3 e5 16. Be2 Qh4 17. O-O-O f6 18. Kb1 Rae8 19. Rdg1 Kf7 20. Qe3 Ke7
21. Nf1 Kd8 22. Nd2 g5 23. Nb3 b6 24. Nd2 Rh8 25. Rg3 h5 26. Qg1 hxg4 27.
fxg4 Reg8 28. b3 Qh7 29. Qf2 Qg6 30. h3 Rh4 31. Rf1 Ne8 32. Nf3 Rh6 33. Ng1
Rgh8 34. Re3 Na6 { Game drawn by mutual agreement } 1/2-1/2

[Event "ICC tourney 2481 (75 10)"]
[Site "Internet Chess Club"]
[Date "2021.03.27"]
[Round "1"]
[White "CHAMPSI, IMRAN:imranchamp"]
[Black "WELLS, KENNETH S:Shoshonte"]
[Result "1/2-1/2"]
[ICCResult "Game drawn by mutual agreement"]
[WhiteElo "1813"]
[BlackElo "1626"]
[Opening "Evans gambit"]
[ECO "C52"]
[NIC "IG.05"]
[Time "12:03:21"]
[PlyCount "60"]
[TimeControl "4500+10"]

1. e4 e5 2. Nf3 Nc6 3. Bc4 Bc5 4. b4 Bxb4 5. c3 Ba5 6. d4 exd4 7. O-O d6 8.
cxd4 Nf6 9. d5 Ne5 10. Nxe5 dxe5 11. Qa4+ c6 12. dxc6 O-O 13. Ba3 Re8 14.
Qb3 Be6 15. cxb7 Rb8 16. Bxe6 Rxe6 17. Nc3 Rb6 18. Qc4 R6xb7 19. Rfd1 Qc8
20. Qxc8+ Rxc8 21. Nd5 Nxd5 22. Rxd5 Rcb8 23. Rc1 Bd8 24. Rxe5 f6 25. Rd5
Kf7 26. g3 Be7 27. Bxe7 Rxe7 28. Rd4 Rb2 29. a3 Ra2 30. Ra4 g6 { Game drawn
by mutual agreement } 1/2-1/2

[Event "ICC tourney 2481 (75 10)"]
[Site "Internet Chess Club"]
[Date "2021.03.27"]
[Round "1"]
[White "THAIN, JACK:jt1819"]
[Black "YUAN, SERENA:doudou2011"]
[Result "1/2-1/2"]
[ICCResult "Game drawn by mutual agreement"]
[WhiteElo "1740"]
[BlackElo "1487"]
[Opening "Sicilian: Grand Prix attack"]
[ECO "B23"]
[NIC "SI.44"]
[Time "12:03:14"]
[PlyCount "127"]
[TimeControl "4500+10"]

1. e4 c5 2. Nc3 Nc6 3. f4 g6 4. Nf3 Bg7 5. Bb5 Nd4 6. d3 Nxb5 7. Nxb5 Qa5+
8. Nc3 Bxc3+ 9. bxc3 Qxc3+ 10. Bd2 Qa3 11. O-O Nf6 12. f5 d6 13. fxg6 hxg6
14. e5 dxe5 15. Nxe5 Be6 16. Qe2 Qa6 17. Rae1 Qxa2 18. Nxg6 fxg6 19. Qxe6
Qxe6 20. Rxe6 Kd7 21. Rfe1 Rhe8 22. h3 a5 23. g4 a4 24. Rb6 Kc7 25. Reb1
Ra7 26. R6b5 Nd7 27. Ra1 b6 28. c4 a3 29. Ra2 e5 30. Rb3 e4 31. Kf2 Kc6 32.
Rbxa3 Rxa3 33. Rxa3 Ne5 34. Bf4 Nxd3+ 35. Ke3 Nb2 36. Ke2 Nxc4 37. Ra4 Kb5
38. Ra1 Rh8 39. Rb1+ Kc6 40. Rb3 b5 41. Kf2 Rd8 42. h4 Rh8 43. Bg5 Ne5 44.
Kg3 Nf3 45. Bf6 Rf8 46. Bg7 Rf7 47. Bh6 c4 48. Ra3 Kd5 49. Ra5 Rb7 50. h5
gxh5 51. gxh5 Ke6 52. Kf4 Kd5 53. Ke3 Ke5 54. Bf4+ Kf5 55. h6 Kg6 56. Kxe4
Nh4 57. Ra6+ Kh7 58. Kd4 Nf5+ 59. Kc5 c3 60. Kc6 Rf7 61. Kxb5 Nd4+ 62. Kc4
Rxf4 63. Kxc3 Nf3 64. Kd3 { Game drawn by mutual agreement } 1/2-1/2